 Dungeon Crawl Stone Soup version 0.24-a0-250-g6074511 (webtiles) character file.

Game seed: 9418202015086449224

282 Borgoz the Cutter (level 6, -3/37 HPs)
             Began as a Kobold Gladiator on Apr 14, 2019.
             Killed by nerve-wracking pain
             ... invoked by Grinder
              (14 damage)
             ... on level 3 of the Dungeon.
             The game lasted 00:04:53 (2952 turns).

Borgoz the Cutter (Kobold Gladiator)                Turns: 2952, Time: 00:04:54

Health: -3/37      AC:  4    Str: 14    XL:     6   Next: 53%
Magic:  6/6        EV: 17    Int:  9    God:
Gold:   147        SH:  0    Dex: 18    Spells: 5/5 levels left

rFire    . . .     SeeInvis .   a - +1 dagger (venom)
rCold    . . .     Gourm    .   (shield restricted)
rNeg     . . .     Faith    .   h - +0 leather armour
rPois    .         Spirit   .   c - +0 helmet
rElec    .         Reflect  .   (no cloak)
rCorr    .         Harm     .   (no gloves)
MR       .....                  (no boots)
Stlth    ++........             (no amulet)
HPRegen  0.12/turn              n - +2 ring of dexterity
MPRegen  0.10/turn              (no ring)

@: no status effects
A: small, carnivore
a: no special abilities


You were on level 3 of the Dungeon.
You were completely stuffed.

You visited 1 branch of the dungeon, and saw 3 of its levels.

You collected 147 gold pieces.

Inventory:

Hand Weapons
 a - a +1 dagger of venom (weapon)
 b - a +2 dagger of speed
 s - a +0 rapier
Missiles
 d - 2 throwing nets (quivered)
Armour
 c - a +0 helmet (worn)
 h - a +0 leather armour (worn)
Jewellery
 n - a +2 ring of dexterity (left hand)
Wands
 p - a wand of digging (6)
Scrolls
 e - a scroll of remove curse {unknown}
 g - a scroll of identify {unknown}
 i - 5 scrolls of teleportation {unknown}
 j - a scroll of amnesia {unknown}
 k - 2 scrolls of immolation {unknown}
 u - a scroll of blinking {unknown}
 v - a scroll of magic mapping {unknown}
 w - 4 scrolls of enchant weapon {unknown}
 y - 2 scrolls of noise {unknown}
Potions
 l - a potion of degeneration {unknown}
 o - 3 potions of might {unknown}
 q - 2 potions of ambrosia {unknown}
 t - a potion of curing {unknown}
 x - a potion of lignification {unknown}
Comestibles
 f - 8 rations
 m - 17 chunks of flesh


   Skills:
 + Level 3.6 Fighting
 + Level 5.4 Short Blades
 - Level 2.1 Throwing
 + Level 1.9 Armour
 + Level 4.8 Dodging
 + Level 3.7 Stealth


You had 5 spell levels left.
You didn't know any spells.
Your spell library was empty.

Dungeon Overview and Level Annotations

Branches:
Dungeon (3/15)

Altars:

Annotations:
D:3 Grinder


Innate Abilities, Weirdness & Mutations

You are small and have problems with some larger weapons.
You are carnivorous and can eat meat at any time.


Message History

Grinder completely misses you.
You hit Grinder.
Grinder is moderately wounded.
Grinder hits you!
You writhe in agony.
You closely miss Grinder.
Grinder is moderately wounded.
You hit Grinder.
Grinder is heavily wounded.
Grinder gestures at you.
You barely resist. You closely miss Grinder.
Grinder is heavily wounded.
Grinder says, "What is the universe for?"
Grinder hits you.
You writhe in agony.
* * * LOW HITPOINT WARNING * * *
You hit Grinder.
Grinder is heavily wounded.
Grinder gestures at you. Pain shoots through your body!
You die...

#.#########
#..
#.#........
#..
#.#........
###
#.#$(......
#
#.#........
#
#.#........
#.#........
#.#........
#.#@.......
#.#5.......
#..........
###........
#########


You could see Grinder.

Vanquished Creatures
  Natasha (thrice) (D:2)
  Terence (D:2)
  Robin (D:3)
  4 gnolls (D:3)
  2 adders
  An ooze (D:1)
  4 worms
  A dart slug (D:1)
  3 leopard geckos
  An orc (D:3)
  3 giant cockroaches
  17 goblins
  9 hobgoblins
  19 jackals
  7 kobolds
  7 bats
  3 frilled lizards
  8 rats
94 creatures vanquished.

Notes
Turn   | Place    | Note
-------+----------+-------------------------------------------
     0 | D:1      | Borgoz the Kobold Gladiator began the quest for the Orb.
     0 | D:1      | Reached XP level 1. HP: 12/12 MP: 1/1
    65 | D:1      | Reached XP level 2. HP: 12/18 MP: 2/2
    94 | D:1      | Reached skill level 1 in Stealth
   111 | D:1      | Reached XP level 3. HP: 8/22 MP: 3/3
   617 | D:1      | Reached skill level 1 in Armour
   628 | D:1      | Reached XP level 4. HP: 10/27 MP: 4/4
  1446 | D:2      | Noticed Natasha
  1453 | D:2      | Killed Natasha
  1453 | D:2      | Reached XP level 5. HP: 11/32 MP: 5/5
  1748 | D:2      | Noticed Terence
  1763 | D:2      | Killed Terence
  1763 | D:2      | Reached skill level 5 in Short Blades
  1850 | D:2      | Noticed Natasha
  1858 | D:2      | Killed Natasha
  1934 | D:2      | Noticed Natasha
  1947 | D:2      | Killed Natasha
  1947 | D:2      | Reached XP level 6. HP: 19/37 MP: 6/6
  2760 | D:3      | Noticed Robin
  2803 | D:3      | Killed Robin
  2926 | D:3      | Noticed Grinder
  2952 | D:3      | Killed from afar by Grinder

Levels and vault maps discovered:
D:1:      tarquinn_simple_flora_water_d, layout_loops_ring
D:2:      layout_loops_cross, palyth_stone_intersect, uniq_natasha, uniq_terence
D:3:      layout_basic, first_ration, uniq_robin, uniq_sigmund, uniq_grinder

Skill      XL: |  1  2  3  4  5 |
---------------+----------------+-----
Stealth        | 1 2 3 |  3.7
Dodging        | 4 |  4.8
Armour         | 1 |  1.9
Fighting       | 3 |  3.6
Short Blades   | 5 |  5.4
Throwing       | |  2.1

Action                   |  1- 3 |  4- 6 || total
-------------------------+-------+-------++-------
Melee: Rapier            |    63 |       ||    63
       Dagger            |    53 |   236 ||   289
Throw: Throwing net      |       |     6 ||     6
  Use: Potion            |       |     2 ||     2
 Stab: Sleeping          |     2 |     4 ||     6
       Distracted        |     1 |       ||     1
       Held in net/web   |       |     6 ||     6
  Eat: Chunk             |     7 |     8 ||    15
Armor: Leather armour    |    19 |    23 ||    42
Dodge: Dodged            |    90 |   134 ||   224

Table legend:
 A = Non-vault XP
 B = Vault XP
 C = Vault XP percentage of total XP
 D = Non-vault monster count
 E = Vault monster count
 F = Vault count percentage of total count
                 A         B        C        D         E       F
            +---------+---------+-------+---------+---------+-------
      Total |     295 |     108 |  26.8 |      80 |      14 |  14.9
            +---------+---------+-------+---------+---------+-------
        D:1 |      81 |       0 |   0.0 |      43 |       0 |   0.0
        D:2 |     121 |      72 |  37.3 |      20 |       2 |   9.1
        D:3 |      93 |      36 |  27.9 |      17 |      12 |  41.4
            +---------+---------+-------+---------+---------+-------
